 Dungeon Crawl Stone Soup version 0.25.1-2-g60ff931df9 (webtiles) character file.

Game seed: 15234627737239638022

203 SpoonFarmer the Covered (level 6, -2/47 HPs)
             Began as a Human Fighter on Nov 29, 2020.
             Killed by nerve-wracking pain
             ... invoked by Grinder
              (12 damage)
             ... on level 3 of the Dungeon.
             The game lasted 00:04:52 (4717 turns).

SpoonFarmer the Covered (Human Fighter)             Turns: 4717, Time: 00:04:52

Health: -2/47      AC:  9    Str: 18    XL:     6   Next: 8%
Magic:  6/6        EV:  8    Int:  8    God:
Gold:   135        SH:  9    Dex: 13    Spells: 5/5 levels left

rFire    . . .     SeeInvis .   a - +0 long sword
rCold    . . .     Gourm    .   c - +0 kite shield
rNeg     . . .     Faith    .   b - +0 scale mail
rPois    .         Spirit   .   (no helmet)
rElec    .         Reflect  .   h - +0 cloak
rCorr    .         Harm     .   (no gloves)
MR       .....                  g - +0 pair of boots
Stlth    ..........             (no amulet)
HPRegen  0.15/turn              (no ring)
MPRegen  0.10/turn              (no ring)

@: no status effects
A: no striking features
a: no special abilities


You were on level 3 of the Dungeon.
You were not hungry.

You visited 1 branch of the dungeon, and saw 4 of its levels.

You collected 135 gold pieces.

Inventory:

Hand Weapons
 a - a +0 long sword (weapon)
Armour
 b - a +0 scale mail (worn)
 c - a +0 kite shield (worn)
 g - a +0 pair of boots (worn)
 h - a +0 cloak (worn)
Jewellery
 i - a +6 ring of dexterity {unknown}
 o - an uncursed ring of protection from cold {unknown}
Scrolls
 d - 3 scrolls of remove curse {unknown}
 e - a scroll of noise {unknown}
 j - a scroll of immolation {unknown}
 k - 3 scrolls of teleportation
 l - 3 scrolls of fog {unknown}
 n - a scroll of fear {unknown}
 p - a scroll of amnesia {unknown}
 q - 5 scrolls of identify
 r - a scroll of random uselessness {unknown}
Comestibles
 f - 10 rations


   Skills:
 + Level 3.5 Fighting
 - Level 2.0 Long Blades
 * Level 4.2 Armour
 * Level 2.6 Dodging
 * Level 4.1 Shields


You had 5 spell levels left.
You didn't know any spells.
Your spell library was empty.

Dungeon Overview and Level Annotations

Branches:
Dungeon (4/15)
 Temple: D:4-7

Altars:
Fedhas
Gozag
Nemelex Xobeh
Ru
Wu Jian
Xom
Zin

Annotations:
D:2 exclusion: oklob plant
D:3 Grinder


Message History

Pain shoots through your body!
You hit Grinder but do no damage.
Grinder is lightly wounded.
Grinder gestures at you.
You suddenly lose the ability to move!
Grinder gestures at you.
You barely resist. Grinder hits you but does no damage. Grinder hits you.
You writhe in agony.
Grinder gestures at you.
You shrug off the repeated paralysis!
Grinder hits you.
* * * LOW HITPOINT WARNING * * *
You writhe in agony.
* * * LOW HITPOINT WARNING * * *
Grinder hits you but does no damage. x2
You can move again.
Grinder gestures at you. Pain shoots through your body!
You die...

.............#.........# #.#
############.#.######### #.#
#..........# #.# #.>......#.#
#.# ##########..#####.#.# #.#
#...............#.#.# #.#
####.######..#....#.# #.#
#.#....#..######.####.##
######.#......5.@.....<.....#
.......#.##.#.###############
.....................#
####........#)######.#
#....#......#.######.#
#.####.#.#........##.#
#.##....#...#.######.#
#...........#.# #.#
####.#.###..#.# #.#


You could see Grinder.

Vanquished Creatures
  Robin (D:2)
  2 gnolls
  7 adders
  An ooze (D:1)
  A worm (D:4)
  2 leopard geckos (D:2)
  3 orcs (D:3)
  11 bats
  3 giant cockroaches (D:1)
  15 goblins
  14 hobgoblins
  14 jackals
  4 kobolds
  4 frilled lizards
  8 rats
90 creatures vanquished.

Notes
Turn   | Place    | Note
-------+----------+-------------------------------------------
     0 | D:1      | SpoonFarmer the Human Fighter began the quest for the Orb.
     0 | D:1      | Reached XP level 1. HP: 18/18 MP: 1/1
   168 | D:1      | Reached XP level 2. HP: 23/24 MP: 2/2
   493 | D:1      | Reached skill level 1 in Dodging
   532 | D:1      | Reached XP level 3. HP: 26/29 MP: 3/3
   929 | D:1      | Reached XP level 4. HP: 35/35 MP: 4/4
  1104 | D:2      | Noticed Robin
  1224 | D:2      | Killed Robin
  1523 | D:2      | Found a blossoming altar of Fedhas.
  1534 | D:2      | Noticed an oklob plant
  1764 | D:2      | Found a sacrificial altar of Ru.
  1924 | D:2      | Found a hide-covered altar of Uskayaw.
  1926 | D:2      | Found an ornate altar of the Wu Jian Council.
  1926 | D:2      | Found an opulent altar of Gozag.
  1945 | D:2      | Reached XP level 5. HP: 38/41 MP: 5/5
  1963 | D:2      | Found a sparkling altar of Nemelex Xobeh.
  1963 | D:2      | Found a glowing silver altar of Zin.
  1963 | D:2      | Found a shimmering altar of Xom.
  4065 | D:4      | Reached XP level 6. HP: 36/47 MP: 6/6
  4520 | D:4      | Noticed Grinder
  4710 | D:3      | Paralysed by Grinder for 7 turns
  4717 | D:3      | Killed from afar by Grinder

Illustrated notes

Levels and vault maps discovered:
D:1:      minmay_arrival_three_doors, layout_loops_ring
D:2:      layout_rooms, overflow_temple_1_default, doesnt_xom_only_xom,
          tgw_fedhas, moated_statue, minmay_3d_cube, uniq_robin
D:3:      layout_basic, first_ration
D:4:      layout_loops_ring, uniq_grinder

Skill      XL: |  1  2  3  4  5 |
---------------+----------------+-----
Dodging        | 1 2 |  2.6
Armour         | 4 |  4.2
Shields        | 4 |  4.1
Fighting       | |  3.5
Long Blades    | |  2.0

Action                   |  1- 3 |  4- 6 || total
-------------------------+-------+-------++-------
Melee: Long sword        |    97 |   278 ||   375
  Use: Scroll            |     2 |       ||     2
       Potion            |       |     4 ||     4
  Eat: Chunk             |       |    11 ||    11
       Ration            |       |     1 ||     1
Armor: Scale mail        |    55 |   165 ||   220
Dodge: Dodged            |    29 |   113 ||   142
Block: Kite shield       |    46 |   159 ||   205
       Rpst.: Long sword |    12 |    40 ||    52
